cohdb
Replays
Latest Replays
All Replays
Popular Replays
Top Player Replays
Match Explorer
How It Works
Community
CoH3 Stats
Reddit
Sign in to upload your games and track your stats! →
Sign in with Steam
Match 42086954
Unlisted
Match 42086954
Overview
Messages
Build Orders
End
Selects Australian Defense Battlegroup
Selects Australian Light Infantry Section
Australian Light Infantry Section
Australian Light Infantry Section
Construct Section Command Post
Australian Light Infantry Section
Construct Field Infirmary
Construct Platoon Command Post
Humber Armored Car
Selects 2-pounder Anti-tank Gun Team
2-pounder Anti-tank Gun Team
Infantry Training
DibbeTC
Mad Mac
Vityaz
Zhenya
0
0
Comments
sign in to comment!
No comments posted yet!